 Dungeon Crawl Stone Soup version 0.26.1-11-gd32895ea62 (webtiles) character file.

Game seed: 18214914091835693332

1502 Delimor the Ruffian (level 8, -4/79 HPs)
             Began as a Troll Berserker on June 15, 2021.
             Was a Priest of Trog.
             Slain by an ogre
             ... wielding a +0 giant club
              (15 damage)
             ... on level 6 of the Dungeon on June 16, 2021.
             The game lasted 00:24:30 (2417 turns).

Delimor the Ruffian (Troll Berserker)               Turns: 2417, Time: 00:24:31

Health: -4/79      AC:  7    Str: 27    XL:     8   Next: 52%
Magic:  7/7        EV: 11    Int:  5    God:    Trog [***...]
Gold:   176        SH:  0    Dex: 10    Spells: 7/7 levels left

rFire    + . .     SeeInvis .   b - +3 hand axe (freeze)
rCold    x . .     Faith    .   (no shield)
rNeg     . . .     Spirit   .   a - +1 animal skin
rPois    .         Reflect  .   (helmet restricted)
rElec    .         Harm     .   (no cloak)
rCorr    .         Rampage  .   (gloves unavailable)
Will     ++...                  (boots unavailable)
Stlth    +.........             (no amulet)
HPRegen  1.63/turn              j - ring of fire
MPRegen  0.10/turn              (no ring)

@: regenerating
A: large, unfitting armour, claws 3, clever 1, sense surroundings 1,
regeneration 1, shaggy fur 1, tough skin 3
a: Renounce Religion, Berserk, Trog's Hand


You were on level 6 of the Dungeon.
You worshipped Trog.
Trog was most pleased with you.
You visited 1 branch of the dungeon, and saw 6 of its levels.
You also visited: Ossuary.

You collected 176 gold pieces.

Inventory:

Hand Weapons
 b - a +3 hand axe of freezing (weapon)
 e - a +1 falchion of holy wrath
Armour
 a - a +1 animal skin (worn)
Magical Staves
 h - an uncursed staff of fire {unknown}
Jewellery
 j - a ring of fire (left claw)
Wands
 c - a wand of flame (13)
Scrolls
 f - 2 scrolls of teleportation
 g - 3 scrolls of remove curse
Potions
 d - a potion of curing
 l - 2 potions of lignification


   Skills:
 + Level 4.7 Fighting
 + Level 0.9 Long Blades
 + Level 4.8 Axes
 + Level 5.0 Dodging
 + Level 1.0 Stealth
 + Level 5.3 Unarmed Combat


You had 7 spell levels left.
You didn't know any spells.
Your spell library contained the following spells:

 Spells                   Type           Power        Failure   Level
 Sandblast                Erth           0%           47%         1
 Passwall                 Tmut/Erth      0%           63%         2
 Stone Arrow              Conj/Erth      0%           85%         3
 Petrify                  Tmut/Erth      0%           99%         4
 Lee's Rapid Deconstruct  Erth           0%           100%        5


Dungeon Overview and Level Annotations

Branches:
Dungeon (6/15)            Ossuary (visited)
 Temple: D:4-7

Altars:
Ashenzari


Innate Abilities, Weirdness & Mutations

You are too large for most types of armour.
You have claws for hands.
Your natural rate of healing is unusually fast.
You are covered in fur. (AC +1)
You have extremely tough skin. (AC +3)
Your mind is acute. (Int +2)
You passively map a small area around you.


Message History

You kill the bullfrog!
Trog accepts your kill.
You completely miss the ogre. The ogre closely misses you.
Your Dodging skill increases to level 5!
You completely miss the ogre.
The ogre is lightly wounded.
You slash the ogre! You freeze the ogre.
The ogre is heavily wounded.
The ogre closely misses you.
You barely miss the ogre.
The ogre is heavily wounded.
The ogre closely misses you.
You barely miss the ogre.
The ogre is heavily wounded.
The ogre hits you with a +0 giant club!
* * * LOW HITPOINT WARNING * * *
You hit the ogre. You freeze the ogre.
The ogre is almost dead.
The ogre hits you with a +0 giant club!
You die...

######## #......#
##......# #### #.......#
#... ##.......##########
#...
#......@.##.......###...
#.####.O###.#####..##..!
* **##.....# ##.##...
#.....#### #..##.#
*####.## ###.#... , , ,
#.# ####.....<. , ,
.##.# #....#..### ...#
#.####..##. , , ..# ##.#
#..##.


You could see an ogre.

Vanquished Creatures
  A sky beast (D:6)
  A phantom (D:4)
  An ogre (D:5)
  A centaur (D:5)
  A bullfrog (D:6)
  A wyvern zombie (Ossuary)
  A scorpion (D:5)
  5 bullfrog zombies
  2 centaur zombies (Ossuary)
  2 orc priests (D:5)
  A bullfrog skeleton (D:5)
  3 orc wizards
  3 iguanas
  Ijyb (D:5)
  A worker ant (D:4)
  A killer bee zombie (Ossuary)
  A hound zombie (Ossuary)
  15 mummies (Ossuary)
  A worker ant zombie (Ossuary)
  A hound skeleton (D:5)
  A howler monkey zombie (Ossuary)
  4 adders
  A shadow imp (D:5)
  An ooze (D:2)
  2 dart slugs (D:1)
  A leopard gecko (D:5)
  14 orcs
  A ball python (D:6)
  A bat (D:3)
  A giant cockroach (D:5)
  A goblin (D:3)
  4 hobgoblins
  3 jackals (D:3)
  A quokka (D:5)
  A frilled lizard (D:3)
  A giant cockroach zombie (Ossuary)
  2 kobolds
  A leopard gecko skeleton (D:4)
  2 leopard gecko zombies (Ossuary)
  A quokka zombie (Ossuary)
  4 rats (D:1)
92 creatures vanquished.

Vanquished Creatures (others)
  9 withered plants (Ossuary)
9 creatures vanquished.

Grand Total: 101 creatures vanquished

Notes
Turn   | Place    | Note
-------+----------+-------------------------------------------
     0 | D:1      | Delimor the Troll Berserker began the quest for the Orb.
     0 | D:1      | Reached XP level 1. HP: 22/22 MP: 0/0
   145 | D:1      | Reached XP level 2. HP: 28/29 MP: 1/1
   345 | D:3      | Reached XP level 3. HP: 36/36 MP: 2/2
   597 | D:4      | Reached XP level 4. HP: 30/44 MP: 3/3
   597 | D:4      | Reached ** piety under Trog
   602 | D:4      | Reached XP level 5. HP: 16/53 MP: 4/4
   663 | D:4      | Noticed a phantom
   683 | D:4      | Killed a phantom
   684 | D:4      | Reached skill level 1 in Axes
   857 | D:4      | Found a broken altar of Ashenzari.
   904 | D:5      | Entered Level 5 of the Dungeon
   920 | D:5      | Noticed a centaur
   928 | D:5      | Killed a centaur
   929 | D:5      | Reached skill level 5 in Unarmed Combat
   929 | D:5      | Reached XP level 6. HP: 47/61 MP: 5/5
  1168 | D:5      | Reached XP level 7. HP: 51/68 MP: 6/6
  1332 | D:5      | Found a sand-covered staircase.
  1344 | Ossuary  | Entered an ossuary
  1371 | Ossuary  | Reached *** piety under Trog
  1616 | Ossuary  | Reached XP level 8. HP: 64/78 MP: 7/7
  1893 | Ossuary  | Gained mutation: Your mind is acute. (Int +2) [potion of
                  | mutation]
  1893 | Ossuary  | Gained mutation: You passively map a small area around you.
                  | [potion of mutation]
  2119 | D:5      | Noticed Ijyb
  2138 | D:5      | Killed Ijyb
  2288 | D:6      | Reached skill level 1 in Stealth
  2413 | D:6      | Reached skill level 5 in Dodging
  2417 | D:6      | Slain by an ogre

Illustrated notes

Levels and vault maps discovered:
D:1:      wheals_arrival_shading, layout_loops_cross
D:2:      layout_loops_ring, yredelemnul_altar_generic, serial_glass,
          glass_columns_b, glass_columns_a, lemuel_flame_loot_1
D:3:      layout_basic
D:4:      layout_basic, lemuel_round_altar, minmay_temple_entry_from_below_a,
          nicolae_ashenzari_panopticon
D:5:      layout_loops_ring, lightli_ossuary_entry_decrepit_ruins,
          nemelex_spade_bored_becter, uniq_ijyb
D:6:      layout_rooms, gammafunk_temple_overflow_forgotten,
          lemuel_coloured_pillars_altar, basic_altar

Skill      XL: |  1  2  3  4  5  6  7  8 |
---------------+-------------------------+-----
Unarmed Combat | 4 5 |  5.3
Fighting       | 3 4 |  4.7
Dodging        | 3 4 5 |  5.0
Axes           | 1 2 3 4 |  4.8
Stealth        | 1 |  1.0
Long Blades    | |  0.9

Action                   |  1- 3 |  4- 6 |  7- 9 || total
-------------------------+-------+-------+-------++-------
Melee: Unarmed           |    54 |     4 |       ||    58
       Punch             |     1 |     2 |     7 ||    10
       Hand axe          |    11 |    60 |   184 ||   255
       Falchion          |       |    16 |       ||    16
Invok: Berserk           |       |     2 |     1 ||     3
       Trog's Hand       |       |       |     1 ||     1
  Use: Potion            |     5 |       |     6 ||    11
       Scroll            |     2 |     3 |     8 ||    13
 Stab: Sleeping          |       |       |     1 ||     1
Armor: Animal skin       |    24 |    34 |    36 ||    94
       Skin              |       |       |     3 ||     3
Dodge: Dodged            |    36 |    65 |    69 ||   170
       Rpst.: Falchion   |       |     6 |       ||     6
